Map: Neon Violet Square LE

Players

Jujuu

  • Race: Protoss Protoss
  • League: Master
  • Spawn Location: 11:00

StonedJeezus - Winner!

  • Race: Zerg Zerg
  • League: Master
  • Spawn Location: 5:00

VOD

https://youtu.be/50-aSYsuAhM

Description

Time

  • Played on: Feb. 25, 2025, 7:06 p.m.
  • Length: 5:05
Show
View Real Time Build Order
Export as new Build Order

Jujuu Protoss 

Build Orders:  

Get SALT Encoding   

  12  0:03  Probe  
  13  0:15  Pylon  
  14  0:39  Gateway  
  14  0:40  Probe  
  14  0:56  Pylon  
  14  0:59  Gateway  
  14  1:03  Assimilator  
  14  1:06  Probe  
  15  1:19  Probe  
  16  1:29  Cybernetics Core  
  16  1:30  Zealot  
  18  1:46  Zealot  
  20  1:49  Warp Gate  
  20  1:50  Probe  
  21  2:02  Probe  
  22  2:23  Gateway  
  22  2:30  Probe  
  22  2:32  Assimilator  
  22  2:36  Zealot x2  
  27  2:42  Probe  
  28  2:46  Gateway  
  28  3:11  Probe  
  29  3:18  Twilight Council  
  29  3:40  Pylon  
  29  3:43  Pylon  
  29  3:46  Zealot  
  31  3:58  Probe  
  31  4:00  Zealot x3  
  38  4:10  Probe  
  38  4:16  Zealot  
  41  4:20  Zealot x2  
  41  4:21  Zealot  
Show
View Real Time Build Order
Export as new Build Order

StonedJeezus Zerg - Winner!

Build Orders: Hatch First 

Get SALT Encoding   

  12  0:01  Drone  
  13  0:08  Drone  
  14  0:18  Overlord  
  14  0:41  Drone x3  
  17  1:02  Hatchery  
  16  1:07  Extractor  
  15  1:12  Spawning Pool  
  14  1:20  Drone x2  
  14  1:22  Drone  
  17  1:36  Drone  
  18  1:54  Overlord  
  18  1:55  Drone  
  18  1:58  Queen  
  21  2:07  Roach Warren  
  20  2:11  Drone  
  21  2:25  Queen  
  23  2:39  Drone  
  23  2:40  Drone  
  25  3:02  Evolution Chamber  
  25  3:04  Evolution Chamber  
  23  3:06  Drone x3  
  23  3:08  Roach x2  
  30  3:15  Spine Crawler  
  29  3:23  Spine Crawler  
  29  3:25  Spine Crawler  
  27  3:30  Roach  
  29  3:36  Roach  
  29  3:40  Roach  
  33  3:48  Zergling x4  
  33  3:50  Zergling x2  
  36  4:02  Overlord  
  36  4:15  Overlord x2  
  36  4:23  Overlord  
  36  4:31  Roach x2  
  40  4:41  Roach x2  
Tags
 
Add a new tag
Caveats
  • Supply blocks, unpowered buildings, or Contaminate may cause inaccurate times.
  • Supply counts are checked every 10 seconds.